 Dungeon Crawl Stone Soup version 0.17.0-28-g6e173f8 (webtiles) character file.

184 oplop the Changer (level 5, -13/33 HPs)
             Began as an Octopode Transmuter on Nov 22, 2015.
             Mangled by an ogre
             ... wielding a +0 giant spiked club
              (25 damage)
             ... on level 4 of the Dungeon.
             The game lasted 00:05:57 (2846 turns).

oplop the Changer (Octopode Transmuter)             Turns: 2846, Time: 00:05:57

Health: -13/33     AC:  2    Str: 10    XL:     5   Next: 64%
Magic:  7/10       EV: 25    Int: 16    God:
Gold:   130        SH:  0    Dex: 17    Spells: 3 memorised, 4 levels left

rFire  . . .     SeeInvis .       - Unarmed
rCold  . . .     Clarity  .     (shield currently unavailable)
rNeg   . . .     SustAt   .     (helmet currently unavailable)
rPois  x         Gourm    .     (no amulet)
rElec  .         Spirit   .     s - +5 ring of evasion
rCorr  .         Warding  .     (no ring)
rMut   .         Stasis   .     (no ring)
MR     .....                    (no ring)
Stlth  ++........               (no ring)
                                (no ring)
                                (no ring)
                                (no ring)

@: spider-form, not resistant to hostile enchantments, unstealthy
A: almost no armour, amphibious, 8 rings, (constrict 8), (camouflage 0),
(gelatinous body 0)
a: End Transformation


You were on level 4 of the Dungeon.
You were not hungry.
You were a venomous arachnid creature.
You visited 1 branch of the dungeon, and saw 4 of its levels.

You collected 130 gold pieces.

Inventory:

Missiles
 a - 35 arrows
Jewellery
 s - a +5 ring of evasion (left front leg)
Wands
 o - a wand of confusion (14)
 u - a wand of slowing (33)
Scrolls
 d - 3 scrolls of remove curse {unknown}
 e - a scroll of enchant armour {unknown}
 f - 7 scrolls of identify {unknown}
 g - a scroll of magic mapping {unknown}
 i - 4 scrolls of fog {unknown}
 n - a scroll of noise {unknown}
 v - a scroll of enchant weapon {unknown}
 w - a scroll of recharging {unknown}
Potions
 j - 4 potions of brilliance {unknown}
 k - 2 potions of ambrosia {unknown}
 l - a potion of might {unknown}
 m - a potion of flight {unknown}
 q - 2 potions of degeneration {unknown}
 t - 4 potions of heal wounds {unknown}
 x - a potion of curing {unknown}
Books
 b - a book of Changes

   Spells                             Type                      Level
   a - Beastly Appendage              Transmutation                1
   b - Sticks to Snakes               Transmutation                2
   c - Spider Form                    Transmutation/Poison         3
   d - Ice Form                       Ice/Transmutation            4
   e - Blade Hands                    Transmutation                5
Comestibles
 c - 3 bread rations
 h - 3 meat rations
 p - a slice of pizza
 r - 6 fruits
 z - 4 chunks of flesh


   Skills:
 - Level 1.6 Fighting
 - Level 2.2 Dodging
 - Level 3.2 Unarmed Combat
 + Level 3.3 Spellcasting
 + Level 3.5 Transmutations
 + Level 2.3 Poison Magic


You had 4 spell levels left.
You knew the following spells:

 Your Spells              Type           Power        Failure   Level  Hunger
a - Beastly Appendage     Trmt           ##....       17%         1    None
b - Sticks to Snakes      Trmt           ##........   24%         2    ##.....
c - Spider Form           Trmt/Pois      ##........   36%         3    ###....


Dungeon Overview and Level Annotations

Branches:
Dungeon (4/15)
 Temple: D:4-7

Altars:
Cheibriados

Annotations:
D:3 Grinder


Innate Abilities, Weirdness & Mutations

You cannot wear most types of armour.
You are amphibious.
You can wear up to eight rings at the same time.
((You can use your tentacles to constrict eight enemies at once.))
((Your skin changes colour to match your surroundings (Stealth).))
((Your rubbery body absorbs attacks (AC +1).))


Message History

One of your tentacles grows a vicious spike.
Casting: Beastly Appendage
Confirm with . or Enter, or press ? or * to list all spells.
Your tentacle spike disappears.
You turn into a venomous arachnid creature.
You hit the ogre.
The ogre is lightly wounded.
The ogre barely misses you.
You hit the ogre but do no damage.
The ogre is poisoned.
The ogre is lightly wounded.
The ogre closely misses you.
You hit the ogre but do no damage.
The ogre is heavily wounded.
The ogre hits you with a giant spiked club!!
Ouch! That really hurt!
You barely miss the ogre.
The ogre is heavily wounded.
The ogre hits you with a giant spiked club!!
Ouch! That really hurt!
You die...

.#......# #...#
##.....###+### #...#
#......##.....##...#
'......#..>....#...#
#......#.......'...#
#......#.?.....#...#
#......##.....##...#
##.....#########O..#
##.............#s..#
#..............#...#
#..............+.[.#
#..............#...#
##.....##.....##...#
#.....##.....##...#
.......#...........#
.......#...........#
#########.....######


You could see an ogre.

Vanquished Creatures
  2 worker ants (D:4)
  5 adders
  An ooze (D:2)
  4 worms
  An adder skeleton (D:4)
  4 giant geckos
  5 orcs
  6 giant cockroaches
  10 hobgoblins
  2 kobolds
  A quokka (D:3)
  12 bats
  7 giant newts
  9 goblins
  3 rats
72 creatures vanquished.

Notes
Turn   | Place    | Note
--------------------------------------------------------------
     0 | D:1      | oplop the Octopode Transmuter began the quest for the Orb.
     0 | D:1      | Reached XP level 1. HP: 13/13 MP: 3/3
   190 | D:1      | Reached XP level 2. HP: 18/18 MP: 3/5
  1033 | D:2      | Reached XP level 3. HP: 23/23 MP: 4/6
  1496 | D:2      | Reached XP level 4. HP: 24/28 MP: 5/8
  1500 | D:2      | Learned a level 2 spell: Sticks to Snakes
  1504 | D:2      | Learned a level 3 spell: Spider Form
  1694 | D:2      | Found a snail-covered altar of Cheibriados.
  1966 | D:3      | Reached skill level 1 in Poison Magic
  2316 | D:3      | Noticed Grinder
  2356 | D:3      | Reached XP level 5. HP: 31/33 MP: 7/9
  2833 | D:4      | Noticed an ogre
  2846 | D:4      | Mangled by an ogre

Action                   |  1- 3 |  4- 6 || total
-------------------------+-------+-------++-------
Melee: Unarmed           |    84 |    79 ||   163
 Cast: Beastly Appendage |    24 |    13 ||    37
       Spider Form       |       |     5 ||     5
 Stab: Sleeping          |     9 |     4 ||    13
  Eat: Chunk             |     2 |     5 ||     7
